AoeStats
← mryendl2410

Arabia

509058942Analyzed
4v4 RM · 8d ago on Sep 25, 2026· 17m 21s· 8 players
Game mode
Random Map
Map size
Large (8 player)
Population
200
Speed
Normal
Resources
Standard
Victory
Conquest
Starting age
Dark Age
Ending age
Imperial Age
RankedLock teamsTeams togetherTeam positionsShared explorationLock speedFull tech treeHidden civsTurbo modeCheats
Victory
Defeat
🇹🇼 Franks · Taiwan
1459
+12
🇹🇼 Maya · Taiwan
1438
+13
🇹🇼 Khmer · Taiwan
1361
+17
🇻🇳 Ethiopians · Vietnam
1410
-15
🇩🇪 Georgians · Germany
1386
-14
🇻🇳 Lithuanians · Vietnam
1370
-13
🇭🇰 Mongols · Hong Kong SAR China
1340
-12
piecardinap
7:07 Loom
9:51 Feudal Age
10:42 Double-Bit Axe
11:09 Horse Collar
15:05 Scale Barding Armor
Murschann
3:28 Loom
10:09 Feudal Age
12:20 Double-Bit Axe
13:23 Horse Collar
武帝曹操
7:12 Loom
9:19 Feudal Age
14:56 Fletching
mryendl2410
6:41 Loom
9:33 Feudal Age
10:11 Double-Bit Axe
阿姆斯特朗旋風噴射騎鯊聖熊
6:31 Loom
8:58 Feudal Age
10:34 Double-Bit Axe
15:12 Fletching
BBBBBBBB
5:41 Loom
8:53 Feudal Age
9:57 Double-Bit Axe
15:56 Scale Barding Armor
17:19 Forging
66+阿展哥~"
10:09 Feudal Age
8:51 Loom
12:52 Bloodlines
誰都打不過
0:27 Loom
9:28 Feudal Age
12:05 Fletching
17:39 Double-Bit Axe
Connection lost

Rejoining the realm…

Still unreachable

The connection could not be restored.

Session expired

The server has moved on; the page needs a fresh start.